 Dungeon Crawl Stone Soup version 0.21.0-3-g78d12a8 (webtiles) character file.

631 letownia2 the Conjurer (level 7, -5/35 HPs)
             Began as a Vine Stalker Wizard on Jan 12, 2018.
             Slain by a mummy (16 damage)
             ... in an ossuary.
             The game lasted 00:06:31 (1475 turns).

letownia2 the Conjurer (Vine Stalker Wizard)        Turns: 1475, Time: 00:06:32

Health: -5/35      AC:  3    Str: 12    XL:     7   Next: 48%
Magic:  0/14       EV: 11    Int: 18    God:
Gold:   69         SH:  0    Dex: 12    Spells: 5/14 levels left

rFire    . . .     SeeInvis .   e - +0 dagger (venom)
rCold    . . .     Gourm    .   (no shield)
rNeg     . . .     Faith    .   f - +0 leather armour
rPois    .         Spirit   +   b - +0 hat
rElec    .         Reflect  .   (no cloak)
rCorr    .         Harm     .   (no gloves)
MR       .....                  (no boots)
Stlth    ++........             (no amulet)
HPRegen  0.51/turn              (no ring)
MPRegen  0.14/turn              (no ring)

@: no status effects
A: fangs 2, regeneration 1, magic shield, antimagic bite, no potion heal 3, rot
immunity
a: no special abilities


You were in an ossuary.
You were hungry.

You visited 1 branch of the dungeon, and saw 4 of its levels.
You also visited: Ossuary.

You collected 69 gold pieces.

Inventory:

Hand Weapons
 e - a +0 dagger of venom (weapon)
 h - a cursed -3 flail
 k - a +0 flail of draining
Armour
 b - a +0 hat (worn)
 f - a +0 leather armour (worn)
Scrolls
 a - 2 scrolls of identify {unknown}
Potions
 g - a potion of haste {unknown}
 j - a potion of lignification {unknown}
 l - a potion of might {unknown}
Books
 c - a book of Minor Magic

   Spells                             Type                      Level
   a - Magic Dart                     Conjuration                  1
   b - Blink                          Translocation                2
   c - Call Imp                       Summoning                    2
   d - Slow                           Hexes                        2
   e - Conjure Flame                  Conjuration/Fire             3
   f - Mephitic Cloud                 Conjuration/Poison/Air       3
Comestibles
 d - 4 rations


   Skills:
 + Level 2.7 Fighting
 - Level 1.5 Dodging
 - Level 2.4 Stealth
 + Level 4.1 Spellcasting
 - Level 4.1 Conjurations
   Level 1.0 Summonings
 - Level 2.4 Translocations
 - Level 2.0 Fire Magic
 - Level 2.8 Air Magic
 - Level 2.0 Poison Magic


You had 5 spell levels left.
You knew the following spells:

 Your Spells              Type           Power        Failure   Level  Hunger
a - Magic Dart            Conj           ###.         3%          1    None
b - Blink                 Tloc           N/A          11%         2    ##.....
c - Conjure Flame         Conj/Fire      ##......     16%         3    ###....
e - Mephitic Cloud        Conj/Pois/Air  ##......     16%         3    ###....


Dungeon Overview and Level Annotations

Branches:
Dungeon (4/15)
 Temple: D:4-7

Altars:
Wu Jian


Innate Abilities, Weirdness & Mutations

You have extremely sharp teeth.
Your natural rate of healing is unusually fast.
When hurt, damage is shared between your health and your magic reserves.
Your bite disrupts and absorbs the magic of your enemies.
Potions cannot restore your health.
You are immune to rotting.


Message History

* * * LOW HITPOINT WARNING * * *
Casting: Magic Dart
Confirm with . or Enter, or press ? or * to list all spells.
You don't have enough magic to cast that spell.
Unknown command.
Unknown command.
You hit the mummy. You bite the mummy, but do no damage.
The mummy is heavily damaged.
Unknown command.
You hit the mummy but do no damage.
The mummy is heavily damaged.
The mummy hits you but does no damage.
Unknown command.
You hit the mummy.
The mummy is heavily damaged.
Unknown command.
You hit the mummy.
The mummy is severely damaged.
The mummy hits you!
You die...

#....#
#....#
#....#
#....#
#....#
#....#
#....#
#M...#
#@∩∩.#
######


You could see a mummy.

Vanquished Creatures
  The ghost of buskinjo the Chopper, an amateur MiBe of Trog (D:4)
  Edmund (D:4)
  An ogre (D:4)
  2 scorpions
  A howler monkey (D:4)
  A hound (D:4)
  2 worker ants (D:4)
  3 mummies (Ossuary)
  An adder (D:4)
  A leopard gecko (D:1)
  6 orcs
  2 bats
  A giant cockroach (D:4)
  2 goblins
  3 jackals (D:4)
  A quokka (D:3)
  A frilled lizard (D:4)
  A gnoll zombie (Ossuary)
  3 hobgoblin zombies (Ossuary)
  3 kobolds
  A kobold zombie (Ossuary)
  2 orc zombies (Ossuary)
  2 rats (D:2)
42 creatures vanquished.

Notes
Turn   | Place    | Note
-------+----------+-------------------------------------------
     0 | D:1      | letownia2 the Vine Stalker Wizard began the quest for the Orb.
     0 | D:1      | Reached XP level 1. HP: 9/9 MP: 5/5
   167 | D:1      | Reached XP level 2. HP: 4/13 MP: 7/7
   766 | D:3      | Found an ornate altar of the Wu Jian Council.
   780 | D:3      | Noticed a scorpion
   822 | D:3      | Killed a scorpion
   822 | D:3      | Reached XP level 3. HP: 14/16 MP: 5/8
   822 | D:3      | Gained mutation: Your natural rate of healing is unusually fast. [Vine Stalker growth]
   822 | D:3      | Reached XP level 4. HP: 18/21 MP: 5/9
   837 | D:3      | Learned a level 3 spell: Mephitic Cloud
   841 | D:3      | Learned a level 3 spell: Conjure Flame
   901 | D:4      | Noticed Edmund
   911 | D:4      | Reached XP level 5. HP: 13/24 MP: 3/10
   935 | D:4      | Killed Edmund
   935 | D:4      | Reached skill level 1 in Fighting
   935 | D:4      | Reached skill level 1 in Fire Magic
   935 | D:4      | Reached skill level 1 in Air Magic
   935 | D:4      | Reached skill level 1 in Poison Magic
   935 | D:4      | Reached XP level 6. HP: 13/30 MP: 2/11
   947 | D:4      | Learned a level 2 spell: Blink
  1176 | D:4      | Noticed buskinjo's ghost (amateur MiBe)
  1203 | D:4      | Killed buskinjo's ghost
  1203 | D:4      | Reached XP level 7. HP: 14/35 MP: 4/13
  1246 | D:4      | Found a sand-covered staircase.
  1265 | Ossuary  | Entered an ossuary
  1475 | Ossuary  | Slain by a mummy

Skill      XL: |  1  2  3  4  5  6  7 |
---------------+----------------------+-----
Conjurations   | 2 3 4 |  4.1
Fighting       | 1 2 |  2.7
Fire Magic     | 1 2 |  2.0
Air Magic      | 1 2 |  2.8
Poison Magic   | 1 2 |  2.0
Translocations | 2 |  2.4
Spellcasting   | 4 |  4.1
Dodging        | |  1.5
Stealth        | |  2.4
Summonings     | |  1.0

Action                   |  1- 3 |  4- 6 |  7- 9 || total
-------------------------+-------+-------+-------++-------
Melee: Dagger            |    28 |    59 |    37 ||   124
       Bite              |     6 |    13 |     6 ||    25
 Cast: Magic Dart        |     9 |       |    40 ||    49
       Mephitic Cloud    |       |     4 |       ||     4
       Conjure Flame     |       |     1 |       ||     1
 Stab: Confused          |       |     2 |       ||     2
       Sleeping          |       |     1 |       ||     1
  Eat: Chunk             |       |     1 |     1 ||     2
Armor: Leather armour    |    11 |    17 |     6 ||    34
Dodge: Dodged            |    27 |    37 |    20 ||    84
